 Dungeon Crawl Stone Soup version 0.32-a0-450-g080537f31e (webtiles) character file.

Game seed: 424670892690858783

1632269 BubbleThief the Opulent (level 26, 213/213 HPs)
             Began as a Gnoll Reaver on Feb 22, 2024.
             Was an Initiate of Gozag.
             Escaped with the Orb
             ... and 3 runes on Feb 23, 2024!
             The game lasted 03:35:48 (68555 turns).

BubbleThief the Opulent (Gnoll Reaver)             Turns: 68555, Time: 03:35:48

Health: 213/213    AC: 34    Str: 19    XL:     26   Next: 34%
Magic:  43/45      EV: 18    Int: 36    God:    Gozag
Gold:   8389       SH: 25    Dex: 13    Spells: 3/62 levels left

rFire   + + .        e - +3 Elemental Staff {ele, rElec rF+ rC+ AC+3}
rCold   + + .        X - +0 tower shield {AC+3}
rNeg    + . .        T - quicksilver dragon scales "Egiac" {Fly rF+ Will+ rCorr}
rPois   +            V - +1 helmet {SInv}
rElec   +            a - +0 cloak {rPois}
rCorr   +            d - +2 pair of gloves of the Pleiades {Regen+}
SInv    +            Y - +2 pair of boots of the Screaming Gods {Int+5 Stlth+}
Will    ++...        r - amulet "Cymepich" {Reflect rC+ Str+3 SH+5}
Stlth   +++          f - ring "Zugeaseuts" {rPois rN+ Str+3 Int+4 Stlth+}
HPRegen 1.35/turn    G - +6 ring of intelligence
MPRegen 0.29/turn

%: reflection
@: flying
A: fangs 1, strong nose, distributed training, persistent drain
0: Orb of Zot
}: 3/15 runes: decaying, serpentine, silver
a: Renounce Religion, Potion Petition, Call Merchant, Bribe Branch


You escaped.
You worshipped Gozag.
Gozag was greatly pleased with you.
You visited 9 branches of the dungeon, and saw 45 of its levels.
You also visited: Ice Cave.

You collected 27165 gold pieces.
You spent 5982 gold pieces at shops.
You paid 12794 gold pieces to Gozag.

Inventory:

Hand Weapons
 e - the +3 Elemental Staff (weapon) {ele, rElec rF+ rC+ AC+3}
   (You acquired it on level 6 of the Dungeon)

   AC+3:      It affects your AC (+3).
   rF+:       It protects you from fire.
   rC+:       It protects you from cold.
   rElec:     It insulates you from electricity.
 q - the +11 Singing Sword {sonic wave}
   (You found it on level 2 of the Swamp)
Missiles
 W - 3 throwing nets
Armour
 a - a +0 cloak of poison resistance (worn)
 d - the +2 pair of gloves of the Pleiades (worn) {Regen+}
   (You acquired it on level 9 of the Dungeon)

   Regen+:    It increases your rate of health regeneration.
 n - the +2 pair of boots "Leor" {rN++ Will+ Dex-5}
   (You bought it in a shop on level 9 of the Dungeon)

   Dex-5:     It affects your dexterity (-5).
   rN++:      It greatly protects you from negative energy.
   Will+:     It increases your willpower.
 T - the quicksilver dragon scales "Egiac" (worn) {Fly rF+ Will+ rCorr}
   (You bought it in a shop on level 3 of the Snake Pit)

   rF+:       It protects you from fire.
   Will+:     It increases your willpower.
   Fly:       It grants you flight.
   rCorr:     It protects you from acid and corrosion.
 V - a +1 helmet of see invisible (worn)
 X - a +0 tower shield of protection (worn)
 Y - the +2 pair of boots of the Screaming Gods (worn) {Int+5 Stlth+}
   (You acquired it on level 1 of the Depths)

   Int+5:     It affects your intelligence (+5).
   Stlth+:    It makes you more stealthy.
Jewellery
 f - the ring "Zugeaseuts" (left hand) {rPois rN+ Str+3 Int+4 Stlth+}
   (You acquired it on level 4 of the Realm of Zot)

   [ring of positive energy]

   Str+3:     It affects your strength (+3).
   Int+4:     It affects your intelligence (+4).
   rPois:     It protects you from poison rN+: It protects you from negative
   energy.
   Stlth+:    It makes you more stealthy.
 r - the amulet "Cymepich" (around neck) {Reflect rC+ Str+3 SH+5}
   (You bought it in a shop on level 4 of the Depths)

   [amulet of reflection]

   Reflect:   It reflects blocked missile attacks.
   Str+3:     It affects your strength (+3).
   rC+:       It protects you from cold.
   SH+5:      It affects your SH (+5).
 s - a ring of wizardry
 G - a +6 ring of intelligence (right hand)
 Z - a +6 ring of dexterity
Talismans
 l - a granite talisman
Wands
 k - a wand of iceblast (22)
 x - a wand of digging (8)
 J - a wand of mindburst (18)
 K - a wand of flame (9)
 O - a wand of light (2)
Scrolls
 c - 3 scrolls of amnesia
 j - 7 scrolls of fog
 m - 29 scrolls of identify
 o - 3 scrolls of silence
 u - 11 scrolls of teleportation
 y - 3 scrolls of brand weapon
 B - 4 scrolls of revelation
 C - 3 scrolls of enchant weapon
 D - a scroll of enchant armour
 P - 4 scrolls of fear
 Q - 4 scrolls of butterflies
 R - 3 scrolls of poison
Potions
 b - 8 potions of heal wounds
 g - 4 potions of ambrosia
 h - 8 potions of haste
 i - 3 potions of attraction
 p - 4 potions of enlightenment
 t - 12 potions of lignification
 v - 9 potions of might
 z - a potion of berserk rage
 E - 2 potions of magic
 F - 6 potions of brilliance
 H - 8 potions of mutation
 I - a potion of curing
 M - 5 potions of invisibility
 N - 3 potions of resistance
 S - 5 potions of cancellation
Miscellaneous
 w - a condenser vane (inert)
 A - a phial of floods
 L - a lightning rod (4/4)
 U - a phantom mirror


   Skills:
 + Level 18.6 Fighting
 + Level 18.1 Short Blades
 + Level 18.1 Long Blades
 + Level 18.1 Axes
 + Level 18.1 Maces & Flails
 + Level 19.1 Polearms
 + Level 18.1 Staves
 + Level 18.1 Ranged Weapons
 + Level 18.1 Throwing
 + Level 18.1 Armour
 + Level 18.6 Dodging
 + Level 18.1 Stealth
 + Level 18.1 Shields
 + Level 18.1 Unarmed Combat
 + Level 18.7 Spellcasting
 + Level 16.3 Conjurations
 + Level 15.4 Hexes
 + Level 15.4 Summonings
 + Level 15.4 Necromancy
 + Level 15.4 Translocations
 + Level 15.4 Fire Magic
 + Level 15.4 Ice Magic
 + Level 15.4 Air Magic
 + Level 15.4 Earth Magic
 + Level 15.4 Alchemy
 + Level 19.6 Invocations
 + Level 18.1 Evocations
 + Level 16.7 Shapeshifting


You had 3 spell levels left.
You knew the following spells:

 Your Spells              Type           Power      Damage    Failure   Level
a - Bombard               Conj/Erth      61%        9d10      1%          6
b - Momentum Strike       Conj/Tloc      100%       3d10      0%          2
c - Summon Mana Viper     Hex/Summ       98%        N/A       1%          5
d - Volatile Blastmotes   Fire/Tloc      100%       2d18      0%          3
e - Starburst             Conj/Fire      61%        6d16      1%          6
f - Summon Forest         Summ/Tloc      49%        N/A       1%          5
g - Eringya's Noxious Bo  Alch           49%        4d6       1%          6
h - Dispersal             Tloc           49%        N/A       1%          6
i - Spellforged Servitor  Conj/Summ      49%        N/A       3%          7
j - Haunt                 Necr/Summ      49%        N/A       4%          7
k - Sculpt Simulacrum     Ice/Alch       60%        N/A       1%          6

Your spell library contained the following spells:

 Spells                   Type           Power      Damage    Failure   Level
 Apportation              Tloc           100%       N/A       0%          1
 Kiss of Death            Conj/Necr      100%       2d13      0%          1
 Magic Dart               Conj           100%       1d8       0%          1
 Sandblast                Erth           100%       2d20      0%          1
 Shock                    Conj/Air       100%       1d9       0%          1
 Blink                    Tloc           100%       N/A       0%          2
 Cigotuvi's Dreadful Rot  Necr/Alch/Air  100%       N/A       0%          2
 Jinxbite                 Hex            100%       N/A       0%          2
 Lesser Beckoning         Tloc           100%       N/A       0%          2
 Mercury Vapours          Alch/Air       100%       N/A       0%          2
 Searing Ray              Conj           100%       2d8       0%          2
 Static Discharge         Conj/Air       100%       3-8/arc   0%          2
 Call Canine Familiar     Summ           98%        N/A       0%          3
 Dazzling Flash           Conj/Hex       100%       N/A       0%          3
 Fugue of the Fallen      Necr           98%        N/A       0%          3
 Gell's Gravitas          Tloc           98%        N/A       0%          3
 Hailstorm                Conj/Ice       100%       3d16      0%          3
 Mephitic Cloud           Conj/Alch/Air  100%       N/A       0%          3
 Ozocubu's Armour         Ice            100%       N/A       0%          3
 Passwall                 Erth           100%       N/A       0%          3
 Sigil of Binding         Hex            98%        N/A       0%          3
 Stone Arrow              Conj/Erth      100%       3d13      0%          3
 Summon Ice Beast         Ice/Summ       100%       N/A       0%          3
 Swiftness                Air            100%       N/A       0%          3
 Teleport Other           Tloc           98%        N/A       0%          3
 Airstrike                Air            60%        2d(9-25)  1%          4
 Animate Armour           Summ/Erth      100%       N/A       1%          4
 Brom's Barrelling Bould  Conj/Erth      100%       2d11      1%          4
 Dimensional Bullseye     Hex/Tloc       49%        N/A       1%          4
 Dispel Undead            Necr           98%        3d31      1%          4
 Fulminant Prism          Conj/Alch      49%        3d21      1%          4
 Ignite Poison            Fire/Alch      100%       N/A       1%          4
 Leda's Liquefaction      Alch/Erth      60%        N/A       1%          4
 Manifold Assault         Tloc           98%        N/A       1%          4
 Martyr's Knell           Necr/Summ      98%        N/A       1%          4
 Olgreb's Toxic Radiance  Alch           98%        N/A       1%          4
 Passage of Golubria      Tloc           98%        N/A       1%          4
 Summon Blazeheart Golem  Fire/Summ      100%       N/A       1%          4
 Summon Lightning Spire   Summ/Air       100%       N/A       1%          4
 Alistair's Intoxication  Alch           65%        N/A       1%          5
 Arcjolt                  Conj/Air       61%        1d71      1%          5
 Iskenderun's Battlesphe  Conj           100%       2d15      1%          5
 Lee's Rapid Deconstruct  Erth           60%        3d28*     1%          5
 Silence                  Hex/Air        60%        N/A       1%          5
 Orb of Destruction       Conj           50%        9d13      3%          7
 Monstrous Menagerie      Summ           49%        N/A       4%          7
 Summon Hydra             Summ           49%        N/A       4%          7
 Lehudib's Crystal Spear  Conj/Erth      61%        10d14     28%         8
 Borgnjor's Revivificati  Necr           49%        N/A       32%         8
 Infestation              Necr           49%        N/A       32%         8
 Maxwell's Capacitive Co  Air            60%        ∞         32%         8
 Chain Lightning          Conj/Air       61%        3d81      99%         9
 Fire Storm               Conj/Fire      61%        8d15      99%         9
 Shatter                  Erth           60%        3d45*     99%         9


Dungeon Overview and Level Annotations

Branches:
Dungeon (15/15)            Temple (1/1) D:5            Lair (5/5) D:10
  Swamp (4/4) Lair:2        Snake (4/4) Lair:2        Slime (0/5) Lair:5
    Orc (2/2) D:9             Elf (0/3) Orc:2        Vaults (5/5) D:14
  Crypt (0/3) Vaults:2     Depths (4/4) D:15            Zot (5/5) Depths:4
  IceCv (visited)

Altars:
Ashenzari
Cheibriados
Dithmenos
Elyvilon
Fedhas
Gozag
Hepliaklqana
Kikubaaqudgha
Makhleb
Nemelex Xobeh
Okawaru
Qazlal
Ru
Sif Muna
Trog
Uskayaw
Vehumet
Wu Jian
Xom
Yredelemnul
Zin
The Shining One
Beogh

Shops:
D:3 [   D:8 [   D:9 [   D:11 *=   Orc:2 (*((   Snake:3 [   Snake:4 (
Vaults:1 [   Vaults:3 (   Vaults:5 (!![(?!   Zot:3 *   Depths:4 *[=*

Portals:
Hell: Depths:1 Depths:2 Depths:3 Depths:4
Abyss: Depths:3
Pandemonium: Depths:2 Depths:3
Ziggurat: Depths:1

Annotations:
D:5 2 transporters
D:14 2 transporters, Myasimauvo's ghost, journeyman DEHW
Swamp:1 Roxanne
Vaults:2 3 runed translucent doors, Zissick's ghost, adept MiBr
Zot:3 Parghit
Zot:5 exclusion: obsidian statue


Innate Abilities, Weirdness & Mutations

You have very sharp teeth.
Your uncanny sense of smell can sniff out nearby items.
Your experience applies equally to all skills.
Your health recovers twice as slowly from being drained.


Message History

There is a stone staircase leading up here.
You fly upwards.
There is a stone staircase leading down here.
Things that are here:
5 stones; a +0 dagger
There is an escape hatch in the ceiling here.
A mysterious force pulls you upwards. The hatch slams shut behind you.
There is an escape hatch in the ceiling here.
A mysterious force pulls you upwards. The hatch slams shut behind you.
There is an open door here.
An Orb Guardian comes into view.
Casting: Bombard (mildly dangerous; 1% risk of failure)
Confirm with . or Enter, or press ? or * to list all spells.
Aiming: Bombard (mildly dangerous; 1% risk of failure)
Press: ? - help, Shift-Dir - straight line, f - Orb Guardian
Aim: an Orb Guardian (73% to hit)
You feel a surge of power!
The iron shot hits the Orb Guardian!!!
The Orb Guardian is severely wounded.
Casting: Bombard (mildly dangerous; 1% risk of failure)
Confirm with . or Enter, or press ? or * to list all spells.
Aiming: Bombard (mildly dangerous; 1% risk of failure)
Press: ? - help, Shift-Dir - straight line, f/p - Orb Guardian
Aim: an Orb Guardian (severely wounded, 73% to hit)
You feel a surge of power!
The iron shot hits the Orb Guardian!!!
You kill the Orb Guardian!
You now have 8389 gold pieces (gained 21).
You see here 3 stones.
A hellion comes into view.
Casting: Bombard (mildly dangerous; 1% risk of failure)
Confirm with . or Enter, or press ? or * to list all spells.
Aiming: Bombard (mildly dangerous; 1% risk of failure)
Press: ? - help, Shift-Dir - straight line, f - hellion
Aim: a hellion (81% to hit)
You feel a surge of power!
The iron shot hits the hellion!!!
You kill the hellion!
The blast sends you backwards.
You hear a faint sloshing from your phial of floods as it returns to readiness.
There is a staircase leading out of the dungeon here.
You can't go down here!
You have escaped!

..#######.#########.#.#
#.#.# ..#
#.............#######.#.#
.)###
#....########.........#.#
....## #...##
##.##.#########.# .....#
##.### ###..##.# #.#
.....###..# #....##.# #.#
##....##.## ##..###.# #.#
#...###.# ##....##.# #.#
###..#.## #..@...#.# #.#
##.#..#
#....#.#.#########.#
#..#.#
##....###.......)...#
#..#.#
##...#####.###########
#....# #(....#.##.#
##..## ##...#...#.#
###.## ##......###.#
##.#(.# #........##.# #
#....## #........##.##


There were no monsters in sight!

Vanquished Creatures
  A seraph (Zot:1)
  Frederick (Depths:3)
  2 dread liches
  2 ancient liches
  Mara (Depths:2)
  An orb of fire (Zot:5)
  Vv (Zot:2)
  3 curse toes
  A Killer Klown (Zot:5)
  3 caustic shrikes (Depths:4)
  Norris (Vaults:4)
  A profane servitor (Zot:1)
  A golden dragon (Depths:3)
  A bone dragon (Depths:4)
  Zenata (Vaults:3)
  A Tzitzimitl (Zot:5)
  A Hell Sentinel (Zot:4)
  4 liches
  10 Orb Guardians
  Mlioglotl (Snake:4)
  A walking crystal tome (Depths:4)
  7 tentacled monstrosities
  The ghost of bakla the Warrior, an adept CoWr of Jiyva (Swamp:4)
  6 titans
  6 sphinxes
  3 quicksilver dragons
  7 death cobs
  An ancient champion (Depths:4)
  Gastronok (Lair:1)
  11 storm dragons
  7 tengu reavers
  A thorn hunter (Swamp:3)
  3 protean progenitors
  13 shadow dragons
  3 draconian monks
  3 nagarajas
  The ghost of Okkeon the Phalangite, an adept MfBe of Trog (Swamp:3)
  7 vault wardens
  4 fire giants
  3 frost giants
  4 draconian knights
  2 deep elf sorcerers (Vaults:5)
  13 ghost moths
  An angel (Zot:1)
  2 reapers
  2 draconian shifters
  A formless jellyfish (Vaults:4)
  A balrug (Depths:4)
  2 draconian annihilators
  8 orc warlords
  6 draconian stormcallers
  The ghost of zenocrate the Unseen, a journeyman KoDe of Gozag (Orc:2)
  13 ironbound preservers
  3 spriggan defenders
  23 very ugly things
  4 ironbound thunderhulks
  17 stone giants
  A deep elf demonologist (Vaults:4)
  2 deep elf death magi
  5 black draconians
  An eleionoma (Swamp:3)
  2 bunyips
  5 purple draconians
  2 yellow draconians
  15 dire elephants
  A war gargoyle (Vaults:4)
  A white draconian (Zot:1)
  5 green draconians
  2 spark wasps (Depths:4)
  Snorg (Lair:3)
  12 ettins
  2 blizzard demons (IceCv)
  Josephine (D:10)
  8 fire dragons
  3 deep elf high priests (Vaults:5)
  14 yaktaur captains
  3 ice dragons
  A hell beast (Depths:4)
  16 hydras
  3 ogre magi
  Erolcha (Orc:1)
  2 rakshasas
  2 spriggan air magi (Depths:3)
  8 great orbs of eyes
  30 vault guards
  A peacekeeper (Vaults:2)
  13 alligators
  2 radroaches (Zot:3)
  A centaur warrior (D:15)
  6 boulder beetles
  6 ironbound frosthearts
  11 anacondas
  2 catoblepae (Lair:5)
  12 two-headed ogres
  2 satyrs (Zot:4)
  A deep troll shaman (Depths:4)
  4 deep troll earth magi
  14 death yaks
  6 tengu warriors
  10 naga warriors
  A demonic crawler (Zot:4)
  3 shock serpents
  2 occultists
  5 spriggan berserkers
  Nergalle (D:11)
  A titan skeleton (Depths:2)
  Sonja (D:12)
  8 naga sharpshooters
  4 orc high priests (Orc:2)
  3 spectral death yaks (Lair:5)
  A shadow wraith (Vaults:4)
  Amaemon (Lair:3)
  A spectral spark wasp (Depths:4)
  7 iron trolls
  A salamander mystic (Snake:4)
  A spectral anaconda (Lair:5)
  2 spriggan druids (Lair:2)
  A sea snake (Snake:1)
  2 skysharks
  4 goliath frogs
  14 mana vipers
  3 swamp dragons (Swamp:4)
  A mana viper (shapeshifter) (Vaults:5)
  4 bog bodies
  36 deep trolls
  A flayed ghost (Vaults:5)
  An arcanist (Vaults:2)
  A fire crab (Lair:5)
  A glowing orange brain (Vaults:2)
  2 obsidian statues
  A death drake (shapeshifter) (Vaults:5)
  5 necromancers
  3 phantasmal warriors
  4 spriggan simulacra (IceCv)
  2 harpies (shapeshifter) (D:13)
  4 harpies (Vaults:2)
  3 deep elf pyromancers
  4 naga ritualists
  7 lindwurms
  11 orc knights
  2 wolf spiders
  2 human zombies
  3 large abominations
  An iron dragon zombie (Depths:2)
  7 ironbound convokers
  19 ugly things
  7 cyclopes
  4 will-o-the-wisps
  A tengu skeleton (Vaults:1)
  24 elephants
  An orc sorcerer (Orc:2)
  12 moths of wrath
  5 salamanders
  3 meliai (D:14)
  A human skeleton (Vaults:1)
  An ice statue (Swamp:2)
  A water nymph (shapeshifter) (Vaults:3)
  12 vault sentinels
  2 guardian serpents
  A smoke demon (D:6)
  13 naga magi
  27 black mambas
  A kobold blastminer (Orc:1)
  A gargoyle (D:14)
  A storm dragon simulacrum (Depths:2)
  2 eyes of devastation (Zot:4)
  Maggie (D:10)
  13 cane toads
  An orange demon (Lair:3)
  4 rime drakes
  An efreet (D:14)
  2 unseen horrors (D:11)
  2 anaconda simulacra (IceCv)
  A kobold demonologist (D:11)
  5 freezing wraiths
  11 komodo dragons
  A hellion (D:1)
  20 yaktaurs
  6 ice devils (IceCv)
  A spriggan skeleton (Depths:2)
  Psyche (D:11)
  2 golden dragon simulacra (IceCv)
  A red devil (Depths:2)
  3 trolls
  3 tyrant leeches
  A polar bear (Lair:3)
  An alligator simulacrum (IceCv)
  7 hornets
  2 glass eyes (shapeshifter)
  A dream sheep (shapeshifter) (Vaults:4)
  42 blink frogs
  19 slime creatures
  A ynoxinul (Zot:3)
  2 dire elephant simulacra (IceCv)
  3 spriggans
  A shadow (D:11)
  2 water elementals (Depths:2)
  4 vampires
  9 wraiths
  2 fire elementals
  3 wyverns
  4 wargs
  52 yaks
  Grum (D:8)
  4 basilisks
  5 golden eyes (Zot:1)
  A death yak simulacrum (Lair:5)
  9 minotaur simulacra (IceCv)
  2 vampire mosquitoes (Swamp:2)
  5 acid dragons
  A chaos spawn (Depths:2)
  28 nagas
  A harpy simulacrum (IceCv)
  A hydra simulacrum (IceCv)
  11 swamp worms
  25 water moccasins
  19 orc warriors
  An elephant zombie (Lair:5)
  6 black bears
  A sky beast (D:8)
  7 swamp drakes
  An ettin simulacrum (IceCv)
  An ogre (Orc:2)
  A boggart (D:15)
  10 wolves
  5 centaurs
  2 phantoms
  An elephant skeleton (Lair:5)
  3 nameless horrors
  3 kobold brigands
  10 bullfrogs
  5 scorpions
  12 deep troll simulacra (IceCv)
  10 wights
  3 elephant simulacra (Lair:5)
  14 killer bees
  2 howler monkeys
  6 jellies
  A hound (shapeshifter) (D:13)
  5 hounds
  22 orc priests
  A sleepcap (D:6)
  2 iguanas
  24 orc wizards
  13 adders
  4 gnolls
  3 white imps
  2 ufetubi (D:6)
  3 ribbon worms
  3 dart slugs
  59 orcs
  8 endoplasms
  4 giant cockroaches
  6 goblins
  8 hobgoblins
  A jackal (D:1)
  3 quokkas
  6 ball pythons
  6 bats
  5 frilled lizards
  15 kobolds
  6 rats
  A snaplasher vine (Zot:2)
1445 creatures vanquished.

Vanquished Creatures (collateral kills)
  An ancient lich (Vaults:5)
  7 Killer Klowns (Zot:5)
  4 curse toes
  A caustic shrike (Depths:4)
  2 golden dragons
  An electric golem (Zot:5)
  8 tentacled monstrosities
  Jorgrun (D:13)
  A lich (Depths:4)
  10 Orb Guardians (Zot:5)
  3 quicksilver dragons
  4 titans
  An Executioner (D:15)
  3 death cobs
  A sphinx (Vaults:3)
  5 shadow dragons
  A storm dragon (Zot:5)
  5 draconian knights
  3 draconian monks
  A nagaraja (Snake:4)
  2 protean progenitors (Zot:4)
  A vault warden (Vaults:4)
  A frost giant (Depths:4)
  2 fire giants
  2 draconian shifters (Zot:5)
  2 draconian scorchers
  3 ghost moths
  Louise (Snake:4)
  3 draconian annihilators
  6 ironbound preservers
  3 stone giants
  2 draconian stormcallers (Depths:4)
  8 very ugly things
  An orc warlord (Orc:2)
  7 green draconians
  A lorocyproca (Depths:3)
  2 ironbound thunderhulks
  6 black draconians
  2 purple draconians
  A red draconian (Zot:3)
  A yellow draconian (Zot:2)
  5 dire elephants
  3 white draconians
  A bunyip (Swamp:4)
  3 ettins
  3 entropy weavers
  2 ice dragons (Depths:3)
  4 yaktaur captains
  A deep elf high priest (Vaults:3)
  5 hydras
  2 great orbs of eyes
  2 vault guards (Vaults:4)
  A salamander tyrant (Snake:1)
  A ghost crab (Swamp:4)
  2 spriggan air magi (Depths:3)
  2 alligators
  2 ogre magi (Vaults:1)
  3 ironbound frosthearts
  An anaconda (Snake:3)
  A centaur warrior (Vaults:3)
  4 naga warriors
  A tengu warrior (Depths:2)
  2 deep troll shamans (Depths:4)
  A deep troll earth mage (Depths:3)
  2 two-headed ogres (Vaults:1)
  An orc high priest (Orc:2)
  4 spriggan berserkers
  A vampire mage (Vaults:2)
  8 hell knights
  A naga sharpshooter (Snake:2)
  3 salamander mystics
  2 skysharks (Vaults:4)
  A sea snake (Snake:1)
  A goliath frog (Swamp:3)
  2 glowing orange brains
  2 iron trolls
  13 deep trolls
  3 arcanists
  2 spriggan druids
  2 swamp dragons
  An orb spider (shapeshifter) (Vaults:4)
  3 naga ritualists
  3 mana vipers
  2 phantasmal warriors
  9 orc knights
  An obsidian statue (Zot:5)
  5 lindwurms
  2 necromancers
  4 ironbound convokers
  3 orc sorcerers (Orc:2)
  A manticore (D:15)
  9 ugly things
  A large abomination (D:15)
  2 salamanders
  4 will-o-the-wisps
  5 moths of wrath
  7 black mambas
  A kobold blastminer (Orc:1)
  A molten gargoyle (Swamp:4)
  4 naga magi
  5 slime creatures
  A guardian serpent (Snake:2)
  An eye of devastation (Zot:4)
  An ice statue (Swamp:2)
  5 vault sentinels
  22 yaktaurs
  A bloated husk (Swamp:3)
  5 hornets
  5 tyrant leeches
  A glass eye (Depths:1)
  A ynoxinul (Depths:3)
  8 spriggans
  4 wargs
  A vampire mosquito (Swamp:2)
  3 swamp worms
  13 nagas
  4 swamp drakes (Swamp:4)
  9 orc warriors
  An ogre (Orc:2)
  3 boggarts (D:15)
  2 electric eels (Snake:1)
  2 nameless horrors
  22 orc priests
  13 orc wizards
  26 orcs
447 creatures vanquished.

Vanquished Creatures (others)
  3 Killer Klowns (Zot:5)
  2 golden dragons
  A Tzitzimitl (Zot:5)
  An electric golem (Zot:5)
  3 tentacled monstrosities
  8 Orb Guardians (Zot:5)
  4 death cobs
  A storm dragon (Zot:3)
  A shadow dragon (Zot:1)
  A draconian monk (Zot:2)
  A draconian knight (Zot:2)
  A protean progenitor (Zot:3)
  2 draconian scorchers
  A draconian stormcaller (Zot:1)
  2 draconian annihilators
  A stone giant (Vaults:5)
  A broodmother (Zot:3)
  2 red draconians (Zot:1)
  6 green draconians
  4 purple draconians
  A black draconian (Zot:2)
  An eleionoma (Swamp:4)
  A white draconian (Zot:1)
  A hydra (Swamp:4)
  A great orb of eyes (Vaults:4)
  A swamp dragon (Swamp:4)
  A lindwurm (Swamp:4)
  A cyclops (D:14)
  3 moths of wrath
  A vault sentinel (Vaults:3)
  A bloated husk (Swamp:2)
  A slime creature (Vaults:1)
  A naga (Snake:4)
  A swamp drake (Swamp:4)
  An aspiring flesh (Zot:3)
  28 foxfires
  77 snaplasher vines
168 creatures vanquished.

Grand Total: 2060 creatures vanquished

Notes
Turn   | Place    | Note
-------+----------+-------------------------------------------
     0 | D:1      | BubbleThief the Gnoll Reaver began the quest for the Orb.
     0 | D:1      | Reached XP level 1. HP: 20/20 MP: 6/6
   202 | D:1      | Reached XP level 2. HP: 26/26 MP: 7/7
   548 | D:1      | You fall into a shaft and drop 1 floor!
   603 | D:2      | Reached skill level 5 in Spellcasting
   603 | D:2      | Reached XP level 3. HP: 29/31 MP: 7/9
   611 | D:2      | Reached skill level 1 in Invocations
   785 | D:2      | Reached skill level 1 in Short Blades
   785 | D:2      | Reached skill level 1 in Long Blades
   785 | D:2      | Reached skill level 1 in Axes
   785 | D:2      | Reached skill level 1 in Maces & Flails
   785 | D:2      | Reached skill level 1 in Staves
   785 | D:2      | Reached skill level 1 in Ranged Weapons
   785 | D:2      | Reached skill level 1 in Throwing
   785 | D:2      | Reached skill level 1 in Armour
   785 | D:2      | Reached skill level 1 in Stealth
   785 | D:2      | Reached skill level 1 in Shields
   785 | D:2      | Reached skill level 1 in Unarmed Combat
   785 | D:2      | Reached skill level 1 in Evocations
   803 | D:2      | Found a shimmering blue altar of Sif Muna.
   870 | D:2      | Reached skill level 1 in Shapeshifting
   870 | D:2      | Reached XP level 4. HP: 38/38 MP: 11/11
  1104 | D:2      | Learned a level 2 spell: Momentum Strike
  1473 | D:1      | Reached skill level 1 in Hexes
  1473 | D:1      | Reached skill level 1 in Summonings
  1473 | D:1      | Reached skill level 1 in Necromancy
  1473 | D:1      | Reached skill level 1 in Translocations
  1473 | D:1      | Reached skill level 1 in Fire Magic
  1473 | D:1      | Reached skill level 1 in Ice Magic
  1473 | D:1      | Reached skill level 1 in Air Magic
  1473 | D:1      | Reached skill level 1 in Earth Magic
  1473 | D:1      | Reached skill level 1 in Alchemy
  1793 | D:3      | Identified the +0 robe of the Sun {Int+3 Archmagi}
  1806 | D:3      | Upgraded the game from 0.32-a0-433-g08bcfe7efd to
                  | 0.32-a0-450-g080537f31e
  2147 | D:3      | Found Paebby's Antique Armour Shoppe.
  2332 | D:3      | Noticed a phantom
  2352 | D:3      | Reached XP level 5. HP: 29/40 MP: 12/12
  2374 | D:3      | Killed a phantom
  3021 | D:4      | Reached XP level 6. HP: 50/50 MP: 10/13
  3092 | D:4      | Reached skill level 5 in Fighting
  3092 | D:4      | Reached skill level 5 in Dodging
  3521 | D:4      | Noticed a black bear
  3529 | D:4      | Killed a black bear
  3645 | D:5      | Entered Level 5 of the Dungeon
  3727 | D:5      | Reached XP level 7. HP: 56/56 MP: 11/15
  3806 | D:5      | Found a staircase to the Ecumenical Temple.
  3821 | Temple   | Entered the Ecumenical Temple
  3861 | Temple   | Became a worshipper of Gozag Ym Sagoz the Greedy
  4134 | D:5      | Found a transporter.
  4195 | D:5      | Found a transporter.
  4198 | D:5      | Found a white marble altar of Elyvilon.
  4729 | D:6      | Learned a level 3 spell: Stone Arrow
  4777 | D:6      | Reached XP level 8. HP: 63/63 MP: 9/16
  5967 | D:6      | Identified a scroll of acquirement
  5967 | D:6      | Acquired the +3 Elemental Staff {ele, rElec rF+ rC+ AC+3}
  5967 | D:6      | Found the +3 Elemental Staff {ele, rElec rF+ rC+ AC+3}
  6081 | D:7      | Reached XP level 9. HP: 54/69 MP: 2/18
  6364 | D:7      | Identified the +4 chain mail of the King of the Hill
                  | {Rampage *Corrode Dex+2}
  7062 | D:8      | Learned a level 3 spell: Volatile Blastmotes
  7121 | D:8      | Noticed Grum
  7136 | D:8      | Killed Grum
  7137 | D:8      | Reached skill level 5 in Invocations
  7265 | D:8      | Found Caid's Antique Armour Boutique.
  7630 | D:8      | Reached skill level 5 in Short Blades
  7630 | D:8      | Reached skill level 5 in Long Blades
  7630 | D:8      | Reached skill level 5 in Axes
  7630 | D:8      | Reached skill level 5 in Maces & Flails
  7630 | D:8      | Reached skill level 5 in Staves
  7630 | D:8      | Reached skill level 5 in Ranged Weapons
  7630 | D:8      | Reached skill level 5 in Throwing
  7630 | D:8      | Reached skill level 5 in Armour
  7630 | D:8      | Reached skill level 5 in Stealth
  7630 | D:8      | Reached skill level 5 in Shields
  7630 | D:8      | Reached skill level 5 in Unarmed Combat
  7630 | D:8      | Reached skill level 5 in Evocations
  7634 | D:8      | Reached XP level 10. HP: 45/77 MP: 0/20
  8807 | D:9      | Reached skill level 5 in Shapeshifting
  8843 | D:9      | Noticed a deep elf pyromancer
  8864 | D:9      | Killed a deep elf pyromancer
  9107 | D:9      | Found a staircase to the Orcish Mines.
  9700 | D:9      | Reached skill level 5 in Hexes
  9700 | D:9      | Reached skill level 5 in Summonings
  9700 | D:9      | Reached skill level 5 in Necromancy
  9700 | D:9      | Reached skill level 5 in Translocations
  9700 | D:9      | Reached skill level 5 in Fire Magic
  9700 | D:9      | Reached skill level 5 in Ice Magic
  9700 | D:9      | Reached skill level 5 in Air Magic
  9700 | D:9      | Reached skill level 5 in Earth Magic
  9700 | D:9      | Reached skill level 5 in Alchemy
  9815 | D:9      | Reached XP level 11. HP: 85/85 MP: 12/22
 10142 | D:10     | Entered Level 10 of the Dungeon
 10402 | D:10     | Noticed a two-headed ogre
 10414 | D:10     | Killed a two-headed ogre
 10609 | D:10     | Noticed Josephine
 10815 | D:10     | Killed Josephine
 10991 | D:10     | Found a staircase to the Lair.
 11659 | D:10     | Noticed Maggie
 11663 | D:10     | Killed Maggie
 11816 | D:10     | Noticed a cyclops
 11821 | D:10     | Killed a cyclops
 11829 | Lair:1   | Entered Level 1 of the Lair of Beasts
 12081 | Lair:1   | Reached XP level 12. HP: 85/94 MP: 3/24
 12834 | Lair:1   | Noticed Gastronok
 12851 | Lair:1   | Killed Gastronok
 13052 | Lair:1   | Reached skill level 10 in Polearms
 13447 | Lair:2   | Noticed a death yak
 13447 | Lair:2   | Noticed a death yak
 13447 | Lair:2   | Noticed a death yak
 13447 | Lair:2   | Noticed a death yak
 13563 | Lair:2   | Killed a death yak
 14432 | Lair:2   | Reached XP level 13. HP: 101/101 MP: 17/26
 14620 | Lair:2   | Found a blossoming altar of Fedhas.
 14625 | Lair:2   | Found a staircase to the Snake Pit.
 15163 | Lair:2   | Found a staircase to the Swamp.
 15304 | Lair:3   | Learned a level 6 spell: Starburst
 16172 | Lair:3   | Reached skill level 10 in Spellcasting
 16307 | Lair:3   | Noticed Snorg
 16465 | Lair:3   | Killed Snorg
 16472 | Lair:3   | Identified the ring "Wenim" {rN+ Will- Str+5}
 16572 | Lair:3   | Noticed Amaemon
 16578 | Lair:3   | Killed Amaemon
 17373 | Lair:4   | Reached skill level 10 in Fighting
 17373 | Lair:4   | Reached skill level 10 in Dodging
 18130 | Lair:4   | Reached XP level 14. HP: 90/110 MP: 7/28
 18135 | Lair:4   | Reached skill level 10 in Invocations
 18665 | Lair:5   | Entered Level 5 of the Lair of Beasts
 19933 | Lair:5   | Found a staircase to the Slime Pits.
 20764 | Lair:5   | Reached skill level 10 in Conjurations
 21168 | Lair:5   | Noticed a dire elephant
 21168 | Lair:5   | Noticed a dire elephant
 21312 | Lair:5   | Identified the amulet of Scepticism {rC+ Regen+}
 21393 | Lair:5   | Killed a dire elephant
 21394 | Lair:5   | Reached skill level 10 in Short Blades
 21394 | Lair:5   | Reached skill level 10 in Long Blades
 21394 | Lair:5   | Reached skill level 10 in Axes
 21394 | Lair:5   | Reached skill level 10 in Maces & Flails
 21394 | Lair:5   | Reached skill level 10 in Staves
 21394 | Lair:5   | Reached skill level 10 in Ranged Weapons
 21394 | Lair:5   | Reached skill level 10 in Throwing
 21394 | Lair:5   | Reached skill level 10 in Armour
 21394 | Lair:5   | Reached skill level 10 in Stealth
 21394 | Lair:5   | Reached skill level 10 in Shields
 21394 | Lair:5   | Reached skill level 10 in Unarmed Combat
 21394 | Lair:5   | Reached skill level 10 in Evocations
 21537 | Lair:5   | Killed a dire elephant
 21884 | Lair:5   | Reached XP level 15. HP: 116/116 MP: 14/30
 22328 | Lair:5   | Learned a level 5 spell: Summon Forest
 22335 | Lair:5   | Learned a level 6 spell: Eringya's Noxious Bog
 22523 | D:11     | Noticed Nergalle
 22527 | D:11     | Killed Nergalle
 22636 | D:11     | Noticed Psyche
 22640 | D:11     | Killed Psyche
 22660 | D:11     | Bought a scroll labelled ESCHOT MASI for 29 gold pieces
 22660 | D:11     | Bought a potion of heal wounds for 145 gold pieces
 23263 | D:11     | Found Jociv's Jewellery Shop.
 23614 | D:12     | Noticed Sonja
 23621 | D:12     | Killed Sonja
 24959 | D:13     | Noticed Jorgrun
 24977 | D:13     | Killed Jorgrun
 25058 | D:13     | Identified the +5 sling "Lumad" {freeze, rElec Int-3 Dex+4}
 25516 | D:13     | Identified the +11 dire flail of Orritesh {speed, rF+ rN+
                  | Int+2}
 25678 | D:14     | Found a transporter.
 25700 | D:14     | Found a transporter.
 25744 | D:14     | Noticed Myasimauvo's ghost (journeyman DEHW)
 26275 | D:14     | Found a shimmering blue altar of Sif Muna.
 26305 | D:14     | Found a gate to the Vaults.
 26464 | D:14     | Identified the +0 chain mail of Patterns {Int+6}
 26513 | D:15     | Entered Level 15 of the Dungeon
 26546 | D:15     | Found a staircase to the Depths.
 27386 | D:15     | Reached skill level 10 in Shapeshifting
 27834 | D:13     | Reached XP level 16. HP: 89/127 MP: 24/32
 28060 | Orc:1    | Entered Level 1 of the Orcish Mines
 28355 | Orc:2    | Entered Level 2 of the Orcish Mines
 28399 | Orc:2    | Found a transporter.
 28403 | Orc:2    | Noticed zenocrate's ghost (journeyman KoDe)
 28455 | Orc:2    | Found a transporter.
 29001 | Orc:2    | Found a staircase to the Elven Halls.
 29372 | Orc:2    | Found a roughly hewn altar of Beogh.
 29483 | Orc:2    | Found Qitakau's Weapon Shoppe.
 29483 | Orc:2    | Found Haes's Antique Weapon Shoppe.
 29484 | Orc:2    | Found Iqyadeid's Weapon Emporium.
 29488 | Orc:2    | Found Kacrae's General Store.
 29494 | Orc:2    | Bought a +1 helmet of see invisible for 214 gold pieces
 29812 | Orc:2    | Killed zenocrate's ghost
 29828 | Orc:2    | Identified the ring "Veotil" {rPois rF+ Str-4 Stlth+}
 29997 | Orc:1    | Noticed Erolcha
 30022 | Orc:1    | Killed Erolcha
 30143 | Orc:1    | Found a roughly hewn altar of Beogh.
 30384 | Orc:1    | Found a shimmering altar of Xom.
 30515 | D:9      | Acquired the +2 pair of gloves of the Pleiades {Regen+}
 30544 | D:9      | Bought a pair of heavily runed boots for 313 gold pieces
 30544 | D:9      | Identified the +2 pair of boots "Leor" {rN++ Will+ Dex-5}
                  | (You bought it in a shop on level 9 of the Dungeon)
 30544 | D:9      | Bought a scorched robe for 188 gold pieces
 30544 | D:9      | Identified the +1 robe "Tuonn" {rElec Slay+2 SInv} (You
                  | bought it in a shop on level 9 of the Dungeon)
 30665 | Snake:1  | Entered Level 1 of the Snake Pit
 32783 | Snake:2  | Reached XP level 17. HP: 135/135 MP: 24/33
 32981 | Snake:2  | Reached skill level 10 in Hexes
 32981 | Snake:2  | Reached skill level 10 in Summonings
 32981 | Snake:2  | Reached skill level 10 in Necromancy
 32981 | Snake:2  | Reached skill level 10 in Translocations
 32981 | Snake:2  | Reached skill level 10 in Fire Magic
 32981 | Snake:2  | Reached skill level 10 in Ice Magic
 32981 | Snake:2  | Reached skill level 10 in Air Magic
 32981 | Snake:2  | Reached skill level 10 in Earth Magic
 32981 | Snake:2  | Reached skill level 10 in Alchemy
 35241 | Snake:3  | Found Cadmus's Dragon-Slaying Spoils.
 35278 | Snake:3  | Bought the quicksilver dragon scales "Egiac" {Fly rF+ Will+
                  | rCorr} for 1634 gold pieces
 35326 | Snake:4  | Entered Level 4 of the Snake Pit
 35613 | Snake:4  | Found Cuohukut's Antique Weapon Boutique.
 36165 | Snake:4  | Noticed Mlioglotl
 36169 | Snake:4  | Noticed Louise
 36177 | Snake:4  | Killed Mlioglotl
 36207 | Snake:4  | Killed Louise
 36628 | Snake:4  | Got a serpentine rune of Zot
 36910 | Swamp:1  | Entered Level 1 of the Swamp
 37072 | Swamp:1  | Reached XP level 18. HP: 143/143 MP: 30/35
 37154 | Swamp:1  | Identified the +1 scale mail of Ger Otel {Dex+7}
 37554 | Swamp:1  | Noticed Roxanne
 37909 | Swamp:2  | Identified the +3 chain mail "Sioppea" {rN+}
 38245 | Swamp:2  | Found a glacial archway.
 38285 | IceCv    | Entered an ice cave
 38982 | IceCv    | Identified the ring "Rumefoin" {rPois rC+}
 39112 | IceCv    | Identified the +7 chain mail of Going Fast {Fly rElec rCorr
                  | Int-2}
 39407 | Swamp:2  | Found the +11 Singing Sword {sonic wave}
 40154 | Swamp:3  | Found a runed translucent gate.
 40155 | Swamp:3  | Found a runed translucent gate.
 40157 | Swamp:3  | Found a runed translucent gate.
 40160 | Swamp:3  | Noticed Okkeon's ghost (adept MfBe)
 40474 | Swamp:3  | Killed Okkeon's ghost
 40487 | Swamp:3  | Identified the +3 war axe "Botepaic" {freeze, +Blink Int+3}
 40489 | Swamp:3  | Got the Almanac of Hazy Transmutation
 40639 | Swamp:4  | Entered Level 4 of the Swamp
 40685 | Swamp:4  | Found a runed translucent gate.
 40685 | Swamp:4  | Found a runed translucent gate.
 40686 | Swamp:4  | Found a runed translucent gate.
 40687 | Swamp:4  | Noticed bakla's ghost (adept CoWr)
 41135 | Swamp:4  | Got a decaying rune of Zot
 41160 | Swamp:4  | Reached XP level 19. HP: 92/151 MP: 14/37
 41486 | Swamp:4  | Killed bakla's ghost
 41886 | Vaults:1 | Entered Level 1 of the Vaults
 42965 | Vaults:1 | Reached skill level 15 in Polearms
 43175 | Vaults:1 | Identified the +1 orcbow "Ruhyuwy" {flame, Str+3 Int+5
                  | Stlth+}
 43446 | Vaults:1 | Reached skill level 15 in Invocations
 44043 | Vaults:2 | Found a staircase to the Crypt.
 44337 | Vaults:2 | Reached XP level 20. HP: 93/160 MP: 31/38
 45264 | Vaults:2 | Found a runed translucent gate.
 45264 | Vaults:2 | Found a runed translucent gate.
 45265 | Vaults:2 | Found a runed translucent gate.
 45444 | Vaults:2 | Learned a level 6 spell: Bombard
 45450 | Vaults:2 | Learned a level 5 spell: Summon Mana Viper
 45588 | Vaults:2 | Found a runed translucent gate.
 45588 | Vaults:2 | Found a runed translucent gate.
 45593 | Vaults:2 | Identified the +0 robe of Ru's Approval {^Contam rC+++
                  | rCorr Int+3}
 45596 | Vaults:2 | Found a runed translucent gate.
 45598 | Vaults:2 | Noticed Zissick's ghost (adept MiBr)
 45630 | Vaults:2 | Reached skill level 15 in Spellcasting
 45969 | Vaults:3 | Found Yrucs's Antique Weapon Shop.
 46422 | Vaults:3 | Reached skill level 15 in Fighting
 46422 | Vaults:3 | Reached skill level 15 in Dodging
 47315 | Vaults:3 | Identified the +10 plate armour of Impatience {rC+ Dex+3
                  | Stlth+}
 47365 | Vaults:3 | Noticed Zenata
 47382 | Vaults:3 | Killed Zenata
 48030 | Vaults:4 | Reached XP level 21. HP: 167/168 MP: 35/40
 48402 | Vaults:4 | Noticed Norris
 48439 | Vaults:4 | Killed Norris
 49100 | Vaults:4 | Found Ynerrorr's Book Boutique.
 49396 | Vaults:5 | Entered Level 5 of the Vaults
 49403 | Vaults:5 | Reached skill level 15 in Short Blades
 49403 | Vaults:5 | Reached skill level 15 in Long Blades
 49403 | Vaults:5 | Reached skill level 15 in Axes
 49403 | Vaults:5 | Reached skill level 15 in Maces & Flails
 49403 | Vaults:5 | Reached skill level 15 in Staves
 49403 | Vaults:5 | Reached skill level 15 in Ranged Weapons
 49403 | Vaults:5 | Reached skill level 15 in Throwing
 49403 | Vaults:5 | Reached skill level 15 in Armour
 49403 | Vaults:5 | Reached skill level 15 in Stealth
 49403 | Vaults:5 | Reached skill level 15 in Shields
 49403 | Vaults:5 | Reached skill level 15 in Unarmed Combat
 49403 | Vaults:5 | Reached skill level 15 in Evocations
 49767 | Vaults:5 | Noticed a dread lich
 49775 | Vaults:5 | Killed a dread lich
 50010 | Vaults:5 | Noticed an ancient lich
 50025 | Vaults:4 | Killed an ancient lich
 50026 | Vaults:4 | Reached XP level 22. HP: 123/177 MP: 0/42
 50186 | Vaults:5 | Noticed a dread lich
 50341 | Vaults:4 | Killed a dread lich
 50798 | Depths:1 | Entered Level 1 of the Depths
 50935 | Depths:1 | Found a one-way gateway to a ziggurat.
 51103 | Depths:1 | Found a gateway to Hell.
 51810 | Depths:1 | Acquired the +2 pair of boots of the Screaming Gods {Int+5
                  | Stlth+}
 52248 | Depths:2 | Noticed Mara
 52253 | Depths:2 | Noticed BubbleThief's illusion
 52273 | Depths:2 | Killed Mara
 52596 | Depths:2 | Identified the +5 dagger of Lust {freeze, rElec Int+2}
 53317 | Depths:2 | Found a one-way gate leading to the halls of Pandemonium.
 53439 | Depths:2 | Reached XP level 23. HP: 182/185 MP: 33/43
 53558 | Depths:2 | Identified the +1 chain mail of the Apothecary {rPois}
 53846 | Depths:2 | Found a runed translucent door.
 53847 | Depths:2 | Noticed an ancient lich
 53859 | Depths:2 | Killed an ancient lich
 54000 | Depths:2 | Found the +9 sword of Power {lifebolt}
 54034 | Depths:2 | Found a runed translucent door.
 54371 | Depths:3 | Noticed a golden dragon
 54378 | Depths:3 | Killed a golden dragon
 54618 | Depths:3 | Noticed a golden dragon
 54635 | Depths:3 | Killed a golden dragon
 55291 | Depths:3 | Identified the orb of the Iron City of Dis {*channel, rC++
                  | Hexes}
 55291 | Depths:3 | Noticed Frederick
 55320 | Depths:3 | Killed Frederick
 55321 | Depths:3 | Reached skill level 15 in Shapeshifting
 55513 | Depths:3 | Found a one-way gate to the infinite horrors of the Abyss.
 55765 | Depths:4 | Entered Level 4 of the Depths
 56133 | Depths:4 | Learned a level 6 spell: Dispersal
 56271 | Depths:4 | Noticed a caustic shrike
 56275 | Depths:4 | Noticed a caustic shrike
 56275 | Depths:4 | Noticed a caustic shrike
 56277 | Depths:4 | Noticed a caustic shrike
 56279 | Depths:4 | Killed a caustic shrike
 56488 | Depths:4 | Killed a caustic shrike
 56489 | Depths:4 | Reached skill level 15 in Conjurations
 56596 | Depths:4 | Killed a caustic shrike
 56665 | Depths:4 | Killed a caustic shrike
 56829 | Depths:4 | Noticed a golden dragon
 57397 | Depths:4 | Reached XP level 24. HP: 182/195 MP: 26/44
 57521 | Depths:4 | Found a gate to the Realm of Zot.
 58489 | Vaults:5 | Found Mipnu Kaywk's Distillery.
 58490 | Vaults:5 | Found Qozofuca's Antique Weapon Emporium.
 58500 | Vaults:5 | Bought a potion of mutation for 168 gold pieces
 58500 | Vaults:5 | Bought 2 potions of heal wounds for 210 gold pieces
 58500 | Vaults:5 | Bought 2 potions of magic for 336 gold pieces
 58500 | Vaults:5 | Found Tishe's Antique Armour Shoppe.
 58504 | Vaults:5 | Got a silver rune of Zot
 58509 | Vaults:5 | Bought a transparent ring mail for 396 gold pieces
 58509 | Vaults:5 | Identified the +5 ring mail of Tymuedig {Dex+2} (You bought
                  | it in a shop on level 5 of the Vaults)
 58926 | Vaults:5 | Found Gemab's Distillery.
 59017 | Vaults:5 | Bought 2 potions of haste for 420 gold pieces
 59017 | Vaults:5 | Bought 2 potions of resistance for 420 gold pieces
 59017 | Vaults:5 | Bought a potion of brilliance for 84 gold pieces
 59017 | Vaults:5 | Bought a potion of magic for 168 gold pieces
 59017 | Vaults:5 | Bought a potion of cancellation for 168 gold pieces
 59149 | Vaults:5 | Found Jydimn's Distillery.
 59165 | Vaults:5 | Bought a potion of curing for 66 gold pieces
 59376 | Vaults:5 | Found Erigy's Antique Weapon Boutique.
 59376 | Vaults:5 | Noticed an ancient lich
 59387 | Vaults:5 | Killed an ancient lich
 59576 | Vaults:5 | Identified the +0 leather armour of Whack-A-Mole {Harm rN+
                  | rCorr Dex+3}
 59782 | Vaults:5 | Found Evvailiemp's Magic Scroll Shoppe.
 59787 | Vaults:5 | Bought a scroll of teleportation for 39 gold pieces
 59787 | Vaults:5 | Bought a scroll of acquirement for 676 gold pieces
 59787 | Vaults:5 | Bought a scroll of teleportation for 39 gold pieces
 59787 | Vaults:5 | Bought a scroll of teleportation for 39 gold pieces
 59791 | Vaults:5 | Acquired 570 gold pieces
 60115 | Zot:1    | Entered Level 1 of the Realm of Zot
 60115 | Zot:1    | Noticed a curse toe
 60211 | Depths:4 | Bought a scorched bone amulet for 115 gold pieces
 60211 | Depths:4 | Identified the amulet "Cymepich" {Reflect rC+ Str+3 SH+5}
                  | (You bought it in a shop on level 4 of the Depths)
 60211 | Depths:4 | Bought a potion of heal wounds for 115 gold pieces
 60233 | Depths:4 | Learned a level 7 spell: Spellforged Servitor
 60362 | Zot:1    | Killed a curse toe
 60664 | Zot:1    | Killed a curse toe
 60721 | Zot:1    | Noticed a curse toe
 60729 | Zot:1    | Killed a curse toe
 61121 | Zot:1    | Noticed a curse toe
 61125 | Zot:1    | Killed a curse toe
 62209 | Zot:3    | Gained mutation: Your health recovers twice as slowly from
                  | being drained. [mutagenic glow]
 62564 | Zot:2    | Identified the +0 robe of Izaraoto {Will+ Int+3}
 62787 | Zot:2    | Reached XP level 25. HP: 164/194 MP: 28/44
 62851 | Zot:2    | Found a basalt altar of Yredelemnul.
 62854 | Zot:2    | Noticed Vv
 63425 | Zot:2    | Killed Vv
 63693 | Zot:3    | Noticed an orb of fire
 63730 | Zot:3    | Noticed Parghit
 63760 | Zot:3    | HP: 10/203 [Parghit (35)]
 63761 | Zot:3    | Found Beigauju's Changing Room.
 64186 | Zot:4    | Identified the +7 battleaxe of Zeiqyrpha {protect, rPois
                  | rF+}
 64781 | Zot:4    | Acquired the ring "Zugeaseuts" {rPois rN+ Str+3 Int+4
                  | Stlth+}
 65128 | Zot:4    | HP: 9/204 [deathcap[a curse toe] (14)]
 65138 | Zot:4    | Reached skill level 15 in Hexes
 65138 | Zot:4    | Reached skill level 15 in Summonings
 65138 | Zot:4    | Reached skill level 15 in Necromancy
 65138 | Zot:4    | Reached skill level 15 in Translocations
 65138 | Zot:4    | Reached skill level 15 in Fire Magic
 65138 | Zot:4    | Reached skill level 15 in Ice Magic
 65138 | Zot:4    | Reached skill level 15 in Air Magic
 65138 | Zot:4    | Reached skill level 15 in Earth Magic
 65138 | Zot:4    | Reached skill level 15 in Alchemy
 65183 | Zot:4    | Got the Grimoire of Leucotic Evil Magic
 65193 | Zot:4    | Learned a level 7 spell: Haunt
 65670 | Zot:4    | Got Ypois's Tractate on Unstable Malignant Arts
 65678 | Zot:4    | Learned a level 6 spell: Sculpt Simulacrum
 66513 | Zot:5    | Entered Level 5 of the Realm of Zot
 67472 | Zot:5    | Noticed a Killer Klown
 67472 | Zot:5    | Noticed a Killer Klown
 67474 | Zot:5    | Noticed a Killer Klown
 67474 | Zot:5    | Noticed an orb of fire
 67475 | Zot:5    | Noticed a Killer Klown
 67476 | Zot:5    | Noticed a Killer Klown
 67484 | Zot:5    | Killed a Killer Klown
 67488 | Zot:5    | Noticed a Killer Klown
 67492 | Zot:5    | Killed a Killer Klown
 67496 | Zot:5    | Killed a Killer Klown
 67498 | Zot:5    | Killed a Killer Klown
 67502 | Zot:5    | Noticed a Killer Klown
 67502 | Zot:5    | Noticed a Killer Klown
 67512 | Zot:5    | Noticed a Killer Klown
 67515 | Zot:5    | Noticed an orb of fire
 67518 | Zot:5    | Noticed a Killer Klown
 67522 | Zot:5    | Killed a Killer Klown
 67525 | Zot:5    | Killed a Killer Klown
 67525 | Zot:5    | Noticed a Killer Klown
 67529 | Zot:5    | Killed a Killer Klown
 67530 | Zot:5    | Killed an orb of fire
 67531 | Zot:5    | Reached XP level 26. HP: 151/213 MP: 4/45
 67532 | Zot:5    | Killed a Killer Klown
 67532 | Zot:5    | Killed a Killer Klown
 67541 | Zot:5    | Killed a Killer Klown
 67549 | Zot:5    | Killed a Killer Klown
 67745 | Zot:5    | Got the Orb of Zot
 67998 | Zot:1    | Noticed a seraph
 68010 | Zot:1    | Killed a seraph
 68555 | D:$      | Escaped with the Orb!

Illustrated notes

Levels and vault maps discovered:
D:1:      dpeg_arrival_arbitrary_a, layout_basic, minmay_bisected
D:2:      layout_basic, basic_altar, serial_park_tiny_1, minmay_octomino_c4
D:3:      layout_loops_ring, serial_shops, shop, minmay_ruptured
D:4:      layout_basic, hex_large
D:5:      layout_basic, elyvilon_altar_4, minmay_temple_entry_large_hall
D:6:      layout_gridville
D:7:      layout_loops_ring
D:8:      layout_basic, serial_shops, shop, minivault_11,
          hangedman_decor_lopped, uniq_grum
D:9:      layout_cave_pools, minmay_orc_entry_guard_dogs, billiards_dpeg
D:10:     layout_irregular_city, due_lair_maze_entry_diamond, uniq_josephine,
          uniq_maggie
D:11:     layout_basic, serial_shops, shop, uniq_nergalle, uniq_psyche
D:12:     layout_loops_ring, uniq_sonja
D:13:     layout_roguey, lemuel_flamethrower_2, uniq_jorgrun
D:14:     layout_rooms, hellmonk_vaults_order_and_chaos, nzn_ghost_randoct,
          led_sif_pool, kb_rosetta
D:15:     hangedman_depths_entry_try_elsewhere_first, layout_gridville
Temple:   regret_index_temple_sigil_plot
Lair:1:   layout_misc_corridors, grunt_megastairs_2, uniq_gastronok
Lair:2:   layout_loops_ring, mainiacjoe_swamp_entry_angry_trees,
          minmay_snake_entry_guardpost_small, basic_altar, grunt_megastairs_3
Lair:3:   layout_cave_pods, uniq_amaemon, uniq_snorg
Lair:4:   layout_regular_city
Lair:5:   due_jungle_book, layout_long_grid, slime_entry_1, serial_bayou_shore_b
Swamp:1:  layout_falls_marsh, evilmike_swamp_ruin_house_1,
          nicolae_swamp_long_stream, uniq_roxanne
Swamp:2:  layout_basic_swamp, portal_ice_cave_entry_ice_statue_two,
          evilmike_swamp_ruin_house_5, nicolae_swamp_treefoil, swamp_pool_5,
          nicolae_swamp_decorative_isthmus
Swamp:3:  layout_falls_marsh, gammafunk_ghost_hydra_chop,
          evilmike_swamp_ruin_house_2, infiniplex_staircase_pool
Swamp:4:  swamp_fiery, layout_basic_swamp, ebering_ghost_rock_garden
Snake:1:  layout_honeycomb, serial_bayou_shore_a
Snake:2:  layout_layer_cave, lemuel_fruit_tree
Snake:3:  layout_cave_town, grunt_ministairs_15, nicolae_shop_dragon_depot
Snake:4:  snake_pit, layout_cave_pods, serial_shops, shop, uniq_louise,
          uniq_mlioglotl
Orc:1:    layout_diamond_mine, basic_altar, minmay_orc_temple_a, uniq_erolcha
Orc:2:    st_orc_mages, layout_diamond_mine, gammafunk_ghost_berserking_beasts,
          lightli_church_of_beogh
Vaults:1: lemuel_ogre_cave, v_pattern_1, nicolae_vaults_arrows,
          grunt_vaults_hallway_long, nicolae_vaults_rhombus_7,
          nicolae_vaults_little_squares_2, vaults_dpeg_emergency_exit,
          ontoclasm_vaults_decontamination, hangedman_vaults_stitches,
          hangedman_vaults_stretched_pinwheel, nicolae_vaults_tetromino_Z_2,
          vaults_dpeg_hooks, nicolae_vaults_yaktaur_gun_rack,
          layout_vaults_big_cross
Vaults:2: ploomutoo_gammafunk_ghost_potion_laboratory, v_misc_13, v_pattern_3,
          minmay_crypt_entry_vampire_xt, v_misc_33, nicolae_vaults_trapezoid_1,
          nicolae_vaults_specimen_jars, nicolae_vaults_little_ls,
          vaults_room_grunt_arrival_checkpoint, layout_vaults_quadrants
Vaults:3: st_check, nicolae_vaults_tetromino_Z_1,
          nicolae_vaults_diagonal_hallway_6, nicolae_vaults_diagonal_hallway_9,
          nicolae_vaults_door_testing_chamber, nicolae_vaults_steering_wheel,
          nicolae_vaults_trapezoid_1, ontoclasm_vaults_eye,
          ontoclasm_vaults_loading_screen, nicolae_vaults_mini_display_case,
          nicolae_vaults_diamond_2, layout_vaults_chaotic_city, serial_shops,
          shop, uniq_zenata
Vaults:4: nicolae_vaults_trapezoid_4, nicolae_vaults_corridor_and_loot_room,
          nicolae_vaults_trapezoid_lopsided_2,
          nicolae_vaults_heart-shaped_vault, vaults_dpeg_encased_lava,
          v_rooms_6, hangedman_vaults_unwind, nicolae_vaults_circle_grid_b,
          v_alt_pattern_6, nicolae_vaults_trapezoid_lopsided_1,
          nicolae_vaults_little_squares_1, nicolae_vaults_tetromino_T_2,
          nicolae_vaults_wrenched, v_misc_14, nicolae_vaults_sealed_display,
          layout_vaults_maze, serial_shops, shop, uniq_norris
Vaults:5
Depths:1: minmay_glassy_protrusions, layout_gridville, enter_ziggurat_d,
          minmay_misc_feat_chi, hell_entry, chequers_serial_rivers_small_a,
          grunt_decor_junction, lemuel_nasty_fountain
Depths:2: cheibrodos_witchhunters_guild, layout_basic, hell_entry, pan_entry,
          serial_glass, glass_columns_b, glass_columns_b,
          minmay_staircase_bubble, uniq_mara
Depths:3: nzn_winding_woodlands_small [nzn_winding_woodlands_5x15_garden,
          nzn_winding_woodlands_center_diamonds,
          nzn_winding_woodlands_5x15_pathside_ponds], layout_long_grid,
          minmay_misc_feat_enclosed, hell_entry, rand_demon_pan_entry_3,
          abyss_entry_small_statue_room, uniq_frederick, uniq_grunn
Depths:4: grunt_zot_entry_funnels, layout_gridville, grunt_mini_vestibule,
          roderic_cross_of_infinity, uniq_josephina
Zot:1:    bobbens_index_wilting_gardens, layout_twisted_circle
Zot:2:    layout_misc_corridors, regret_index_zotdec_bone_old, uniq_vv
Zot:3:    layout_basic, nicolae_transmutations_shop, skrybe_zot_glass_1,
          uniq_tiamat, uniq_parghit
Zot:4:    regret_index_all_hallows'_manor, layout_basic
Zot:5:    layout_gridlike

Skill      XL: |  1  2  3  4  5  6  7  8  9 10 11 12 13 14 15 16 17 18 19 20 21 22 23 24 25 26 |
---------------+-------------------------------------------------------------------------------+-----
Spellcasting   | 5 6 7 8 9 10 11 12 13 14 15 16 17 18 | 18.7
Invocations    | 1 2 3 4 5 6 7 8 9 10 11 12 13 14 15 16 17 18 19 | 19.6
Short Blades   | 1 2 3 5 6 7 8 9 10 11 12 13 14 15 16 17 18 | 18.1
Long Blades    | 1 2 3 5 6 7 8 9 10 11 12 13 14 15 16 17 18 | 18.1
Axes           | 1 2 3 5 6 7 8 9 10 11 12 13 14 15 16 17 18 | 18.1
Maces & Flails | 1 2 3 5 6 7 8 9 10 11 12 13 14 15 16 17 18 | 18.1
Staves         | 1 2 3 5 6 7 8 9 10 11 12 13 14 15 16 17 18 | 18.1
Ranged Weapons | 1 2 3 5 6 7 8 9 10 11 12 13 14 15 16 17 18 | 18.1
Throwing       | 1 2 3 5 6 7 8 9 10 11 12 13 14 15 16 17 18 | 18.1
Armour         | 1 2 3 5 6 7 8 9 10 11 12 13 14 15 16 17 18 | 18.1
Stealth        | 1 2 3 5 6 7 8 9 10 11 12 13 14 15 16 17 18 | 18.1
Shields        | 1 2 3 5 6 7 8 9 10 11 12 13 14 15 16 17 18 | 18.1
Unarmed Combat | 1 2 3 5 6 7 8 9 10 11 12 13 14 15 16 17 18 | 18.1
Evocations     | 1 2 3 5 6 7 8 9 10 11 12 13 14 15 16 17 18 | 18.1
Shapeshifting  | 1 2 3 4 5 6 7 8 9 10 11 12 13 14 15 16 | 16.7
Hexes          | 1 2 3 4 5 6 7 8 9 10 11 12 13 14 15 | 15.4
Summonings     | 1 2 3 4 5 6 7 8 9 10 11 12 13 14 15 | 15.4
Necromancy     | 1 2 3 4 5 6 7 8 9 10 11 12 13 14 15 | 15.4
Translocations | 1 2 3 4 5 6 7 8 9 10 11 12 13 14 15 | 15.4
Fire Magic     | 1 2 3 4 5 6 7 8 9 10 11 12 13 14 15 | 15.4
Ice Magic      | 1 2 3 4 5 6 7 8 9 10 11 12 13 14 15 | 15.4
Air Magic      | 1 2 3 4 5 6 7 8 9 10 11 12 13 14 15 | 15.4
Earth Magic    | 1 2 3 4 5 6 7 8 9 10 11 12 13 14 15 | 15.4
Alchemy        | 1 2 3 4 5 6 7 8 9 10 11 12 13 14 15 | 15.4
Fighting       | 5 6 7 8 9 10 11 12 13 14 15 16 17 18 | 18.6
Dodging        | 5 6 7 8 9 10 11 12 13 14 15 16 17 18 | 18.6
Polearms       | 7 8 9 10 11 12 13 14 15 16 17 18 19 | 19.1
Conjurations   | 6 7 8 9 10 11 12 13 14 15 16 | 16.3

Action                     |  1- 3 |  4- 6 |  7- 9 | 10-12 | 13-15 | 16-18 | 19-21 | 22-24 | 25-27 || total
---------------------------+-------+-------+-------+-------+-------+-------+-------+-------+-------++-------
  Melee: Spear             |   124 |   219 |    86 |       |       |       |       |       |       ||   429
         Bite              |     8 |    18 |     9 |    21 |    45 |   155 |   183 |   172 |    82 ||   693
         Staff             |       |       |    46 |   176 |   287 |  1041 |   977 |   763 |   375 ||  3665
         Unarmed           |       |       |       |     8 |       |       |       |       |       ||     8
   Cast: Kiss of Death     |       |     1 |       |       |       |       |       |       |       ||     1
         Momentum Strike   |       |    16 |    28 |    14 |       |       |     3 |     3 |       ||    64
         Stone Arrow       |       |       |    68 |   241 |   290 |   215 |    23 |       |       ||   837
         Volatile Blastmot |       |       |       |     6 |       |       |       |       |       ||     6
         Starburst         |       |       |       |       |   102 |    11 |     9 |    27 |     4 ||   153
         Summon Forest     |       |       |       |       |     9 |    69 |    55 |    43 |    22 ||   198
         Eringya's Noxious |       |       |       |       |     2 |    19 |    19 |    28 |       ||    68
         Summon Mana Viper |       |       |       |       |       |       |    39 |    49 |    25 ||   113
         Bombard           |       |       |       |       |       |       |    33 |   168 |    83 ||   284
         Spellforged Servi |       |       |       |       |       |       |       |     1 |    17 ||    18
         Haunt             |       |       |       |       |       |       |       |       |    13 ||    13
         Sculpt Simulacrum |       |       |       |       |       |       |       |       |     6 ||     6
 Invoke: Call Merchant     |       |       |       |       |     1 |     1 |     1 |     4 |       ||     7
         Bribe Branch      |       |       |       |       |       |       |       |     1 |     1 ||     2
  Evoke: Wand              |       |       |       |     5 |     1 |       |       |    16 |    11 ||    33
         Phial of floods   |       |       |       |     1 |     3 |     2 |     2 |     3 |     1 ||    12
         Lightning rod     |       |       |       |       |     3 |     3 |     3 |     2 |     9 ||    20
         Condenser vane    |       |       |       |       |       |     1 |     2 |     2 |     1 ||     6
         Phantom mirror    |       |       |       |       |       |       |     2 |     4 |     2 ||     8
    Use: Potion            |       |     2 |       |     3 |     1 |     2 |     2 |     3 |    13 ||    26
         Scroll            |       |       |    11 |    12 |     9 |     8 |     5 |     5 |     5 ||    55
   Stab: Sleeping          |     3 |     4 |     1 |       |     1 |    12 |     5 |       |     1 ||    27
         Distracted        |       |     1 |       |     3 |     6 |    16 |    23 |    37 |    21 ||   107
         Invisible         |       |       |       |     2 |       |       |       |     1 |     1 ||     4
         Confused          |       |       |       |       |       |       |     1 |       |       ||     1
 Armour: Leather armour    |    32 |    13 |       |       |       |       |       |       |       ||    45
         Robe              |       |    53 |    74 |   158 |   335 |   270 |       |       |       ||   890
         Quicksilver drago |       |       |       |       |       |   613 |   810 |   559 |   302 ||  2284
  Dodge: Dodged            |    57 |   101 |    65 |   173 |   289 |   479 |   318 |   260 |   168 ||  1910
  Block: Tower shield      |       |       |       |       |       |   476 |   843 |   721 |   457 ||  2497
         Reflection        |       |       |       |       |       |       |       |       |     5 ||     5

Table legend: (Time is in decaauts)
 A = Elapsed time spent in this place.
 B = Non-inter-level travel time spent in this place.
 C = Inter-level travel time spent in this place.
 D = Time resting spent in this place.
 E = Time spent auto-exploring this place.
 F = Levels seen in this place.
 G = Mean time per level.
                   A        B        C        D        E       F      G
               +--------+--------+--------+--------+--------+-----+--------+
         Total |  67829 |  64627 |   3202 |   4327 |  46288 |  46 | 1474.5 |
       Dungeon |  18241 |  16901 |   1340 |    847 |  13091 |  15 | 1216.1 |
        Temple |     62 |      2 |     60 |      0 |      0 |   1 |   62.0 |
          Lair |  10604 |  10295 |    309 |   1086 |   7060 |   5 | 2120.8 |
         Swamp |   3652 |   3522 |    130 |     26 |   2570 |   4 |  913.0 |
     Snake Pit |   6119 |   5876 |    243 |    143 |   4629 |   4 | 1529.8 |
  Orcish Mines |   2407 |   2244 |    163 |    123 |   1485 |   2 | 1203.5 |
        Vaults |  10779 |  10396 |    383 |   1224 |   6777 |   5 | 2155.8 |
        Depths |   7354 |   7031 |    323 |    327 |   4934 |   4 | 1838.5 |
           Zot |   7555 |   7308 |    247 |    503 |   5133 |   5 | 1511.0 |
      Ice Cave |   1052 |   1052 |      0 |     47 |    608 |   1 | 1052.0 |
               +--------+--------+--------+--------+--------+-----+--------+

Top non-repeatable levels by time:
  Lair:5: 3573 daAuts
Vaults:4: 3011 daAuts
   Zot:4: 2590 daAuts
Depths:2: 2303 daAuts
Depths:4: 2249 daAuts
    D:10: 2105 daAuts
Vaults:1: 2076 daAuts
Vaults:2: 2049 daAuts
   Zot:1: 1915 daAuts
  Lair:2: 1870 daAuts
Vaults:5: 1862 daAuts
  Lair:4: 1851 daAuts
Vaults:3: 1780 daAuts
  Lair:3: 1705 daAuts
     D:8: 1694 daAuts
